 Dungeon Crawl Stone Soup version 0.26-a0-1176-g060ceda6a5 (webtiles) character file.

Game seed: 12930747838818906266

78 polelong the Gusty (level 4, -3/33 HPs)
             Began as a Draconian Air Elementalist on Dec 24, 2020.
             Slain by a gnoll
             ... wielding a +2 spear of electrocution
              (14 damage)
             ... on level 3 of the Dungeon.
             The game lasted 00:13:32 (2583 turns).

polelong the Gusty (Draconian Air Elementalist)     Turns: 2583, Time: 00:13:33

Health: -3/33      AC:  6    Str: 17    XL:     4   Next: 15%
Magic:  1/7        EV:  6    Int: 16    God:
Gold:   159        SH:  0    Dex: 11    Spells: 4/7 levels left

rFire    . . .     SeeInvis .   r - +2 spear (venom)
rCold    . . .     Faith    .   (no shield)
rNeg     . . .     Spirit   .   (armour unavailable)
rPois    .         Reflect  .   (helmet restricted)
rElec    .         Harm     .   f - +0 cloak
rCorr    .         Rampage  .   (no gloves)
Will     .....                  (no boots)
Stlth    ++........             (no amulet)
HPRegen  0.11/turn              p - +6 ring of strength
MPRegen  0.10/turn              (no ring)

@: held
A: unfitting armour, cold-blooded, AC +5
a: no special abilities


You were on level 3 of the Dungeon.
You visited 1 branch of the dungeon, and saw 3 of its levels.

You collected 159 gold pieces.

Inventory:

Hand Weapons
 a - a +0 dagger
 e - a +0 spear
 r - a +2 spear of venom (weapon)
Missiles
 b - 2 boomerangs (quivered)
Armour
 f - a +0 cloak (worn)
Jewellery
 p - a +6 ring of strength (left hand)
 q - an uncursed amulet of the acrobat
Wands
 k - a wand of flame (18)
Scrolls
 c - a scroll of random uselessness {unknown}
 d - 2 scrolls of identify
 g - a scroll of enchant weapon {unknown}
 l - 2 scrolls of remove curse
 m - a scroll of teleportation {unknown}
Potions
 h - a potion of might {unknown}
 i - 2 potions of curing
 j - a potion of attraction {unknown}
 n - a potion of invisibility {unknown}
 o - a potion of brilliance {unknown}


   Skills:
 + Level 0.1 Fighting
 + Level 1.1 Throwing
 + Level 2.0 Dodging
 + Level 1.8 Stealth
 + Level 2.2 Spellcasting
 + Level 2.2 Conjurations
 + Level 3.8 Air Magic


You had 4 spell levels left.
You knew the following spells:

 Your Spells              Type           Power        Failure   Level
a - Shock                 Conj/Air       44%          6%          1
b - Swiftness             Air            13%          6%          2

Your spell library contained the following spells:

 Spells                   Type           Power        Failure   Level
 Static Discharge         Conj/Air       11%          17%         3
 Airstrike                Air            6%           38%         4
 Lightning Bolt           Conj/Air       5%           85%         5


Dungeon Overview and Level Annotations

Branches:
Dungeon (3/15)

Altars:
Dithmenos
Gozag
Hepliaklqana

Shops:
D:2 *

Annotations:
D:3 1 transporter, night's ghost, amateur TrHu


Innate Abilities, Weirdness & Mutations

Your plain brown scales are hard. (AC +5)
You cannot fit into any form of body armour.
You are cold-blooded and may be slowed by cold attacks.


Message History

The gnoll hits you from afar with a +0 spear.
You barely miss the gnoll.
The gnoll is lightly wounded.
The gnoll hits you with a +0 spear.
The gnoll hits you from afar with a +0 spear.
Your magical contamination has completely faded away.
The gnoll closely misses you.
The gnoll hits you from afar with a +0 spear.
The gnoll throws a throwing net.
The throwing net hits you.
You become entangled in the net!
You see here a throwing net.
You struggle against the net.
The gnoll hits you from afar with a +0 spear. x2
You struggle against the net.
You kill the gnoll!
The gnoll barely misses you.
You struggle against the net.
The gnoll barely misses you.
The gnoll hits you from afar with a +2 spear of electrocution.
You are electrocuted!
You die...

#......## ###+###.####.#
###########...+........####.#
......................#
≈≈≈≈≈≈≈≈≈≈≈≈≈≈≈≈≈≈≈..#
≈≈≈≈≈≈≈≈≈≈≈≈≈≈≈≈≈≈..#
...!......#####≈≈.(# # #
###.©.###.#.#.#≈≈..#
#...###W#####.###...#≈≈..#
#...gg.@........###≈≈..#
#.######'######.#8.≈≈..#
#.."#8g.#P⌠P#.##.≈≈..#
.'..:#⌠©.†...'..#.≈≈..#
#.#...#8.P#.⌠P#.##.≈≈..# #
######'######.#8.≈≈..#
..............###≈≈..#
.###.#####.###...#≈≈..#
.#.###.©.###.#g#.#≈≈...


You could see night's ghost and 3 gnolls.

Vanquished Creatures
  2 gnolls (D:3)
  An adder (D:2)
  A worm (D:2)
  A dart slug (D:1)
  A leopard gecko (D:2)
  An orc (D:3)
  2 giant cockroaches (D:1)
  5 goblins
  3 hobgoblins (D:1)
  2 jackals (D:1)
  9 kobolds
  2 ball pythons (D:1)
  4 bats
  2 frilled lizards (D:1)
  8 rats
44 creatures vanquished.

Vanquished Creatures (others)
  2 plants (D:3)
2 creatures vanquished.

Grand Total: 46 creatures vanquished

Notes
Turn   | Place    | Note
-------+----------+-------------------------------------------
     0 | D:1      | polelong the Draconian Air Elementalist began the quest for
                  | the Orb.
     0 | D:1      | Reached XP level 1. HP: 14/14 MP: 3/3
   463 | D:1      | Reached XP level 2. HP: 10/20 MP: 0/5
   782 | D:1      | Learned a level 2 spell: Swiftness
  1272 | D:1      | Reached XP level 3. HP: 26/26 MP: 3/6
  1970 | D:2      | Found Gozag's Platinum Reserve.
  1971 | D:2      | Found an opulent altar of Gozag.
  2112 | D:2      | Found a hazy altar of Hepliaklqana.
  2113 | D:2      | Found a shadowy altar of Dithmenos.
  2116 | D:2      | Noticed a shadow
  2529 | D:3      | Found a transporter.
  2539 | D:3      | Reached skill level 1 in Throwing
  2563 | D:3      | Reached XP level 4. HP: 33/33 MP: 1/7
  2564 | D:3      | Found a transporter.
  2571 | D:3      | Noticed night's ghost (amateur TrHu)
  2583 | D:3      | Slain by a gnoll

Illustrated notes

Levels and vault maps discovered:
D:1:      dpeg_arrival_three_smaller_balls, layout_basic, minmay_vboxes
D:2:      wander_river, layout_rooms, riverfiend_overflow_shadow_ancestor,
          nicolae_gozag_zags_fifth_avenue
D:3:      layout_basic, gammafunk_ghost_gnarly_gnolls, uniq_terence,
          uniq_natasha

Skill      XL: |  1  2  3 |
---------------+----------+-----
Dodging        | 2 |  2.0
Conjurations   | 2 |  2.2
Throwing       | 1 |  1.1
Fighting       | |  0.1
Stealth        | |  1.8
Spellcasting   | |  2.2
Air Magic      | |  3.8

Action                   |  1- 3 |  4- 6 || total
-------------------------+-------+-------++-------
Melee: Unarmed           |     4 |       ||     4
       Spear             |    17 |     2 ||    19
       Tailslap          |     1 |       ||     1
Throw: Boomerang         |    35 |       ||    35
 Cast: Shock             |    70 |     1 ||    71
  Use: Scroll            |     3 |       ||     3
Armor: Skin              |    19 |       ||    19
Dodge: Dodged            |    35 |     4 ||    39

Table legend: (Time is in decaauts)
 A = Elapsed time spent in this place.
 B = Non-inter-level travel time spent in this place.
 C = Inter-level travel time spent in this place.
 D = Time resting spent in this place.
 E = Time spent auto-exploring this place.
 F = Levels seen in this place.
 G = Mean time per level.
                   A        B        C        D        E       F      G
               +--------+--------+--------+--------+--------+-----+--------+
         Total |   2604 |   2446 |    158 |     23 |   2059 |   3 |  868.0 |
       Dungeon |   2604 |   2446 |    158 |     23 |   2059 |   3 |  868.0 |
               +--------+--------+--------+--------+--------+-----+--------+

Top non-repeatable levels by time:
     D:1: 1799 daAuts
     D:2: 542 daAuts
     D:3: 263 daAuts
